AoeStats
← Yuklennnnnn

Black Forest

507283917Analyzed
4v4 RM · 15d ago on Sep 17, 2026· 101m 31s· 8 players
Game mode
Random Map
Map size
Large (8 player)
Population
200
Speed
Normal
Resources
Standard
Victory
Conquest
Starting age
Dark Age
Ending age
Imperial Age
RankedLock teamsTeams togetherTeam positionsShared explorationLock speedFull tech treeHidden civsTurbo modeCheats
Victory
Defeat
🇬🇧 Armenians · United Kingdom
666
+6
🇷🇺 Franks · Russia
657
+6
🇷🇴 Berbers · Romania
549
+9
🇨🇳 Jurchens · China
534
+10
🇧🇪 Turks · Belgium
407
-8
🇦🇷 Spanish · Argentina
404
-8
🇹🇷 Khmer · Türkiye
398
-8
🇦🇷 Franks · Argentina
369
-7
Yuklennnnnn
0:38 Loom
20:54 Feudal Age
21:54 Horse Collar
22:03 Double-Bit Axe
26:55 Wheelbarrow
Obi-Wan Cannoli
0:56 Loom
12:55 Feudal Age
13:47 Double-Bit Axe
14:12 Horse Collar
21:26 Town Watch
24:54 Castle Age
24:18 Padded Archer Armor
24:08 Fletching
26:52 Leather Archer Armor
27:03 Scale Barding Armor
29:42 Chain Barding Armor
35:44 Forging
35:38 Scale Mail Armor
35:36 Bodkin Arrow
40:26 Imperial Age
39:34 Bloodlines
38:49 Crossbowman
40:47 Heavy Camel Rider
42:56 Ring Archer Armor
45:40 Ballistics
47:20 Bracer
48:00 Plate Barding Armor
56:34 Conscription
58:28 Heavy Scorpion
88:11 Wheelbarrow
COBY
0:30 Loom
12:54 Feudal Age
14:43 Wheelbarrow
14:04 Double-Bit Axe
14:12 Town Watch
21:50 Castle Age
19:46 Horse Collar
22:50 Hand Cart
22:49 Forging
22:40 Scale Mail Armor
22:41 Padded Archer Armor
22:32 Fletching
24:47 Fervor
24:39 Stone Mining
24:41 Gold Mining
27:36 Iron Casting
27:17 Leather Archer Armor
27:24 Ballistics
33:29 Imperial Age
31:23 Heavy Plow
32:02 Bow Saw
32:59 Murder Holes
33:54 Man-at-Arms
33:55 Pikeman
34:35 Squires
34:21 Gambesons
34:22 Arson
34:54 Fortified Wall
34:28 Capped Ram
35:12 Husbandry
35:23 Bloodlines
34:40 Long Swordsman
34:40 Halberdier
36:53 Blast Furnace
37:05 Two-Man Saw
36:27 Cavalier
36:37 Two-Handed Swordsman
38:17 Sappers
40:47 Chain Mail Armor
40:39 Scale Barding Armor
41:05 Ring Archer Armor
42:48 Conscription
43:04 Hoardings
42:54 Supremacy
44:54 Plate Mail Armor
45:45 Chain Barding Armor
45:20 Bodkin Arrow
46:07 Stone Shaft Mining
48:09 Plate Barding Armor
50:29 Elite Conquistador
59:25 Coinage
59:00 Champion
ElRompePañal
0:29 Loom
16:47 Feudal Age
19:46 Wheelbarrow
25:31 Castle Age
23:51 Gold Mining
23:58 Stone Mining
24:03 Double-Bit Axe
25:50 Scale Barding Armor
26:41 Bow Saw
31:37 Gold Shaft Mining
36:58 Hand Cart
37:06 Ballistics
37:00 Caravan
37:52 Husbandry
37:12 Light Cavalry
38:16 Chain Barding Armor
42:25 Imperial Age
39:41 Town Watch
44:20 Chemistry
45:42 Chivalry
46:30 Elite Throwing Axeman
47:34 #83
47:28 Gambesons
47:44 Squires
47:31 Arson
48:26 Plate Barding Armor
47:52 Scale Mail Armor
48:02 Forging
48:35 Cavalier
51:12 Chain Mail Armor
51:32 Iron Casting
66:38 Paladin
94:03 Fervor
94:25 Illumination
94:19 Block Printing
94:27 Sanctity
94:23 Herbal Medicine
theblackdouglas9
3:57 Loom
12:51 Feudal Age
14:32 Wheelbarrow
20:38 Castle Age
20:13 Horse Collar
20:28 Double-Bit Axe
20:34 Gold Mining
20:35 Stone Mining
22:13 Fervor
23:52 Hand Cart
24:21 Heavy Plow
29:23 Caravan
34:57 Imperial Age
38:00 Fereters
38:16 Conscription
38:07 Scale Mail Armor
38:17 Forging
37:58 Fletching
38:09 Padded Archer Armor
38:22 Man-at-Arms
38:48 Gambesons
39:24 Chain Mail Armor
38:38 Pikeman
39:19 Squires
39:05 Arson
39:17 Long Swordsman
39:44 Halberdier
39:49 Two-Handed Swordsman
42:32 Leather Archer Armor
42:13 Bodkin Arrow
42:54 Iron Casting
42:50 Plate Mail Armor
44:23 Bow Saw
44:49 Gold Shaft Mining
45:34 Champion
47:21 Blast Furnace
46:23 Bracer
46:54 Ring Archer Armor
47:25 Elite Composite Bowman
51:19 Chemistry
50:39 Ballistics
54:06 Bombard Tower
TOP G Bogza
2:27 Loom
19:18 Feudal Age
19:48 Double-Bit Axe
19:45 Horse Collar
22:14 Gold Mining
22:15 Stone Mining
24:42 Wheelbarrow
23:52 Town Watch
33:26 Padded Archer Armor
33:32 Scale Barding Armor
36:40 Castle Age
35:56 Scale Mail Armor
36:06 Forging
35:47 Fletching
38:57 Caravan
40:01 Hand Cart
39:47 Town Patrol
41:35 Chain Barding Armor
41:31 Leather Archer Armor
41:51 Iron Casting
40:55 Light Cavalry
41:45 Bloodlines
42:16 Heavy Plow
42:31 Bow Saw
43:30 Elite Skirmisher
46:09 Fortified Wall
46:51 Chain Mail Armor
46:31 Bodkin Arrow
47:13 Stone Shaft Mining
47:13 Gold Shaft Mining
47:28 Guard Tower
47:48 Siphons
48:06 Ballistics
51:04 Imperial Age
53:12 Crop Rotation
53:17 Ring Archer Armor
53:23 Plate Barding Armor
53:49 Blast Furnace
52:50 Bracer
52:58 Hussar
53:36 Elite Genitour
55:24 Plate Mail Armor
55:11 Bracer
58:45 Elite Camel Archer
60:53 Heavy Cavalry Archer
62:43 Onager
79:27 Arrowslits
94:26 Cavalier
95:07 Husbandry
xLEOx
14:55 Feudal Age
18:57 Castle Age
20:34 Double-Bit Axe
21:41 Bow Saw
23:15 Wheelbarrow
25:53 Hand Cart
37:07 Imperial Age
35:52 Guard Tower
37:34 Elite Throwing Axeman
38:35 Conscription
38:59 Gold Mining
41:23 Gold Shaft Mining
41:14 Fortified Wall
41:28 Ballistics
41:37 Husbandry
42:11 Forging
42:07 Scale Barding Armor
42:01 Cavalier
44:11 #83
43:56 Chivalry
50:46 Paladin
51:44 Onager
Elite Savage
Connection lost

Rejoining the realm…

Still unreachable

The connection could not be restored.

Session expired

The server has moved on; the page needs a fresh start.